 Dungeon Sprint DCSS version 0.30.1-11-g7821555f0a (webtiles) character file.

Game seed: 8448484180092144908

24 Heoruswealwe the Poker (level 2, 0/28 HPs)
             Began as a Minotaur Fighter on Dec 15, 2023.
             Slain by an iguana (10 damage)
             ... in the Dungeon (Sprint IX: "|||||||||||||||||||||||||||||").
             The game lasted 00:00:18 (44 turns).

Heoruswealwe the Poker (Minotaur Fighter)             Turns: 44, Time: 00:00:19

Health: 0/28       AC:  7    Str: 20    XL:     2   Next: 79%
Magic:  1/1        EV:  9    Int:  5    God:
Gold:   0          SH:  4    Dex:  9    Spells: 1/1 levels left

rFire   . . .        a - +0 trident
rCold   . . .        d - +0 buckler
rNeg    . . .        c - +0 scale mail
rPois   .            (helmet restricted)
rElec   .            (no cloak)
rCorr   .            (no gloves)
SInv    .            (no boots)
Will    .....        (no amulet) Stlth
                     (no ring)
HPRegen 0.24/turn    (no ring)
MPRegen 0.07/turn

%: no teleportation
@: no status effects
A: horns 2, retaliatory headbutt
a: no special abilities


You were in the Dungeon.
You visited 1 branch

Inventory:

Hand Weapons
 a - a +0 trident (weapon)
Armour
 c - a +0 scale mail (worn)
 d - a +0 buckler (worn)
Scrolls
 j - a scroll of blinking
Potions
 b - a potion of might
 f - a potion of heal wounds
 g - a potion of haste
 i - a potion of berserk rage


   Skills:
 + Level 4.9 Fighting
 * Level 5.3 Polearms
 + Level 5.0 Armour
 - Level 3.6 Shields


You had one spell level left.
You didn't know any spells.
Your spell library was empty.

Dungeon Overview and Level Annotations

Branches:
Dungeon (1/1)

Altars:


Innate Abilities, Weirdness & Mutations

You have a pair of horns on your head.
You reflexively headbutt those who attack you in melee.


Message History

You are more poisoned.
The adder poisons you!
You feel better. You block the adder's attack.
The iguana hisses menacingly.
You block the adder's attack.
You closely miss the adder. Your headbutt misses the adder.
You block the adder's attack.
You closely miss the adder. The adder bites you but does no damage.
You block the adder's attack.
You miss the adder. The adder closely misses you. You furiously retaliate!
You headbutt the adder. You miss the adder.
The adder is moderately wounded.
The adder bites you. x2
You are poisoned.
The adder poisons you!
You closely miss the adder.
The adder is moderately wounded.
You feel sick. The adder bites you but does no damage.
You hit the adder. You headbutt the adder.
You kill the adder!
You feel sick. The adder bites you but does no damage.
Your Polearms skill increases to level 4!
You have reached level 2!
Unknown command.
You completely miss the adder.
You feel sick.
You are no longer poisoned.
The iguana hisses menacingly.
The adder bites you but does no damage.
You hit the adder. You headbutt the adder!
You kill the adder!
Your Polearms skill increases to level 5!
Your Armour skill increases to level 5!
You hit the iguana.
The iguana is moderately wounded.
The iguana bites you!
You barely miss the iguana.
The iguana is moderately wounded.
The iguana bites you!
You die... ▓▓▓▓▓▓▓▓▓▓▓▓▓▓▓▓▓▓ +...lll@....).!.<▓ ▓▓▓▓▓▓▓▓▓▓▓▓▓▓▓▓▓▓

You could see 3 iguanas.

Vanquished Creatures
  2 adders (D)
  A ball python (D)
  A goblin (D)
  2 hobgoblins (D)
  A rat (D)
7 creatures vanquished.

Notes
Turn   | Place    | Note
-------+----------+-------------------------------------------
     0 | D        | Heoruswealwe the Minotaur Fighter began the quest for the
                  | Orb.
     0 | D        | Reached XP level 1. HP: 19/19 MP: 0/0
    25 | D        | Noticed an iguana
    25 | D        | Noticed an iguana
    25 | D        | Noticed an iguana
    41 | D        | Reached XP level 2. HP: 18/28 MP: 1/1
    43 | D        | Reached skill level 5 in Polearms
    43 | D        | Reached skill level 5 in Armour
    44 | D        | Slain by an iguana

Illustrated notes

Levels and vault maps discovered:
D:        linesprint [early_d, line_temple, items_1, d_10, items_2, lair_1,
          lair_end, items_3, orc_1, orc_end, items_4, d_15, swamp_1, shoals_1,
          snake_1, spider_1, d_20, vaults_1, items_5, swamp_end, shoals_end,
          snake_end, spider_end, vaults_end, d_27, items_6, zot_1, zot_end,
          crypt_end, forest_end, elf_end, slime_end, tomb_end, abyss_end,
          pan_hell_end]

Skill      XL: |  1  2 |
---------------+-------+-----
Polearms       | 4 5 |  5.3
Fighting       | 4 |  4.9
Armour         | 4 5 |  5.0
Shields        | |  3.6

Action                     || total
---------------------------++-------
  Melee: Trident           ||    32
         Headbutt          ||     3
    Use: Potion            ||     1
 Armour: Scale mail        ||    15
  Dodge: Dodged            ||     5
  Block: Buckler           ||     7
